 Dungeon Crawl Stone Soup version 0.19.5 (webtiles) character file.

25 juanjsm the Sneak (level 2, 0/19 HPs)
             Began as a Spriggan Enchanter on Mar 2, 2017.
             Succumbed to an adder's poison
             ... on level 2 of the Dungeon.
             The game lasted 00:02:30 (783 turns).

juanjsm the Sneak (Spriggan Enchanter)               Turns: 783, Time: 00:02:31

Health: 0/19       AC: 21    Str:  4    XL:     2   Next: 82%
Magic:  2/7        EV:  4    Int: 16    God:
Gold:   6          SH:  0    Dex: 16    Spells: 2 memorised, 4 levels left

rFire  . . .     SeeInvis +     h - +4 dagger
rCold  . . .     Gourm    .     (armour currently unavailable)
rNeg   + + +     Faith    .     (shield restricted)
rPois  +         Spirit   .     (helmet currently unavailable)
rElec  .         Reflect  .     (cloak currently unavailable)
rCorr  .         Harm     .     (gloves unavailable)
MR     .....     NoTele   +     (boots unavailable)
Stlth  +++.......               (no amulet)
                                (no ring)
                                (no ring)

@: lethally poisoned (0 -> -7), tree-form
A: unfitting armour, see invisible, herbivore 3, (speed 0), slow metabolism 2
a: no special abilities


You were on level 2 of the Dungeon.
You were not hungry.
You were a tree.
You visited 1 branch of the dungeon, and saw 2 of its levels.

You collected 6 gold pieces.

Inventory:

Hand Weapons
 a - a +1 dagger
 h - a +4 dagger (weapon)
Armour
 b - a +1 robe (melded)
Jewellery
 l - an uncursed ring of resist corrosion {unknown}
Scrolls
 e - a scroll of remove curse {unknown}
 i - a scroll of recharging {unknown}
 j - 3 scrolls of identify {unknown}
 m - a scroll of enchant armour {unknown}
Potions
 k - a potion of curing
Books
 c - a book of Maledictions

   Spells                             Type                      Level
   a - Corona                         Hexes                        1
   b - Ensorcelled Hibernation        Hexes/Ice                    2
   c - Confuse                        Hexes                        3
   d - Tukima's Dance                 Hexes                        3
   e - Dazzling Spray                 Conjuration/Hexes            3
Comestibles
 d - 2 bread rations


   Skills:
 + Level 0.2 Fighting
 + Level 1.7 Short Blades
 + Level 3.3 Dodging
 + Level 4.6 Stealth
 + Level 3.3 Spellcasting
 + Level 3.7 Hexes


You had 4 spell levels left.
You knew the following spells:

 Your Spells              Type           Power        Failure   Level  Hunger
a - Corona                Hex            ##.....      4%          1    None
b - Ensorcelled Hibernat  Hex/Ice        #.....       14%         2    ##.....


Dungeon Overview and Level Annotations

Branches:
Dungeon (2/15)

Altars:


Innate Abilities, Weirdness & Mutations

You are very small and have problems with some larger weapons.
You are too small for most types of armour.
You have supernaturally acute eyesight. (SInv)
You are a herbivore.
((You cover ground extremely quickly.))
You need consume almost no food.


Message History

You are too injured to fight recklessly!
You are too injured to fight recklessly!
You barely miss the adder.
The adder is almost dead.
The goblin shoots a stone.
The stone barely misses you. The adder barely misses you.
The frilled lizard bites you but does no damage.
You barely miss the adder.
The adder is almost dead.
* * * LOW HITPOINT WARNING * * *
You feel sick. The adder bites you but does no damage.
The goblin shoots a stone.
The stone hits you but does no damage. The frilled lizard barely misses you.
The adder bites you but does no damage.
You hit the adder.
You kill the adder!
The goblin shoots a stone.
The stone hits you.
* * * LOW HITPOINT WARNING * * *
The frilled lizard bites you but does no damage.
You barely miss the frilled lizard.
You die...

##########
.........#
...g.....#
.........#
.........#
........†#
......l♣.#
........(#
.........#
.........#
.........#
##########


You could see a goblin and a frilled lizard.

Vanquished Creatures
  An adder (D:2)
  3 goblins (D:1)
  6 hobgoblins (D:1)
  A kobold (D:1)
  2 bats (D:1)
  A rat (D:1)
14 creatures vanquished.

Notes
Turn   | Place    | Note
-------+----------+-------------------------------------------
     0 | D:1      | juanjsm the Spriggan Enchanter began the quest for the Orb.
     0 | D:1      | Reached XP level 1. HP: 9/9 MP: 5/5
   140 | D:1      | Reached XP level 2. HP: 5/13 MP: 7/7
   144 | D:1      | Learned a level 2 spell: Ensorcelled Hibernation
   783 | D:2      | Succumbed to an adder's poison

Skill      XL: |  1 |
---------------+----+-----
Spellcasting   | 3 |  3.3
Fighting       | |  0.2
Short Blades   | |  1.7
Dodging        | |  3.3
Stealth        | |  4.6
Hexes          | |  3.7

Action                   || total
-------------------------++-------
Melee: Dagger            ||    55
 Cast: Corona            ||     7
       Ensorcelled Hiber ||     7
  Use: Potion            ||     3
 Stab: Sleeping          ||     5
Armor: Robe              ||     8
       Skin              ||    19
Dodge: Dodged            ||    61
